cohdb
Replays
Latest Replays
All Replays
Popular Replays
Top Player Replays
Match Explorer
How It Works
Community
CoH3 Stats
Reddit
Sign in to upload your games and track your stats! →
Sign in with Steam
Match 41812620
Unlisted
Match 41812620
Overview
Messages
Build Orders
End
Royal Engineer Section
Construct Section Command Post
Selects Canadian Shock Battlegroup
Infantry Section
Vickers Machine Gun Team
Infantry Section
Construct Field Infirmary
Construct Platoon Command Post
Selects Attacking Spirit
Selects Canadian Shock Section
Selects Incendiary Munitions
Infantry Training
Grenade Package
Selects Pyrotechnics
Infantry Section
Humber Armored Car
6-pounder Anti-tank Gun Team
Construct Company Command Post
Foot Guards Section
Crusader II Medium Tank
Selects Churchill Crocodile Heavy Tank
Churchill Crocodile Heavy Tank
n0_ok
hellofr13nd
Kitsuné
Dumais
0
0
Comments
sign in to comment!
No comments posted yet!